 Dungeon Crawl Stone Soup version 0.31-a0-988-g08d55da (webtiles) character file.

Game seed: 14162248624070241577

144210 Coo1 the Brawler (level 16, -2/163 HPs)
             Began as a Troll Fighter on Nov 4, 2023.
             Was the Champion of Wu Jian.
             Succumbed to a nagaraja's splash of poison
             ... on level 1 of the Snake Pit on Nov 5, 2023.
             The game lasted 01:05:05 (23411 turns).

Coo1 the Brawler (Troll Fighter)                   Turns: 23411, Time: 01:05:05

Health: -2/163     AC: 29    Str: 28    XL:     16   Next: 84%
Magic:  0/24       EV: 12    Int:  4    God:    Wu Jian [******]
Gold:   859        SH: 14    Dex: 19    Spells: 15/15 levels left

rFire   + .          .
                       - Unarmed
rCold   . . .        w - +2 kite shield {AC+3}
rNeg    . . .        P - +2 shadow dragon scales
rPois   .            o - +2 hat {Stlth+}
rElec   .            i - +0 cloak
rCorr   .            (gloves unavailable)
SInv    .            (boots unavailable)
Will    +....        Z - amulet of guardian spirit
Stlth   ++++         l - +4 ring of protection
HPRegen 1.27/turn    O - ring "Kobekon" {rF+ MP+9 Dex+4}
MPRegen 0.19/turn

%: guardian spirit
@: lethally poisoned (-2 -> -9), untranslocatable, studying 2 skills, invisible
A: large, unfitting armour, claws 3, regeneration 1, shaggy fur 1, tough skin 1
a: Renounce Religion, Wall Jump, Serpent's Lash, Heavenly Storm


You were on level 1 of the Snake Pit.
You worshipped Wu Jian.
Wu Jian was exalted by your worship.
You visited 5 branches of the dungeon, and saw 25 of its levels.
You also visited: Bailey.

You collected 3007 gold pieces.
You spent 2148 gold pieces at shops.

Inventory:

Hand Weapons
 Q - a +2 hand axe of flaming
Missiles
 p - 28 boomerangs
 L - 9 javelins (quivered)
 M - 2 curare-tipped darts
 S - a throwing net
Armour
 i - a +0 cloak (worn)
 o - a +2 hat of stealth (worn)
 w - a +2 kite shield of protection (worn)
 P - +2 shadow dragon scales (worn)
Jewellery
 b - a ring of protection from fire
 l - a +4 ring of protection (left claw)
 n - a ring of protection from cold
 F - a +6 ring of intelligence
 K - a ring of willpower
 N - an amulet of regeneration
 O - the ring "Kobekon" (right claw) {rF+ MP+9 Dex+4}
   (You bought it in a shop on level 1 of the Orcish Mines)

   [ring of magical power]

   Dex+4:     It affects your dexterity (+4).
   rF+:       It protects you from fire.
   MP+9:      It affects your magic capacity (+9).
 X - a +5 ring of evasion
 Y - a ring of flight
 Z - an amulet of guardian spirit (around neck)
Wands
 a - a wand of iceblast (12)
 A - a wand of mindburst (27)
 C - a wand of charming (12)
 G - a wand of flame (61)
 I - a wand of polymorph (11)
Scrolls
 g - 4 scrolls of fog
 h - a scroll of immolation
 j - 3 scrolls of enchant armour
 k - 10 scrolls of teleportation
 q - 4 scrolls of revelation
 s - a scroll of enchant weapon {unknown}
 v - a scroll of amnesia {unknown}
 y - 3 scrolls of blinking
 z - a scroll of acquirement {unknown}
 J - 4 scrolls of butterflies
 U - a scroll of silence
 W - a scroll of brand weapon {unknown}
Potions
 c - a potion of might
 f - 6 potions of heal wounds
 m - 4 potions of enlightenment
 r - 6 potions of curing
 t - 3 potions of invisibility
 u - 4 potions of magic
 x - 4 potions of mutation
 B - 3 potions of resistance
 D - a potion of lignification
 H - 6 potions of haste
 T - 7 potions of ambrosia
Miscellaneous
 d - a phantom mirror


   Skills:
 + Level 11.5 Fighting
 - Level 2.0 Throwing
 - Level 9.0 Armour
 + Level 11.5 Dodging
 - Level 9.0 Shields
 - Level 18.0 Unarmed Combat
 + Level 13.5 Shapeshifting


You had 15 spell levels left.
You didn't know any spells.
Your spell library contained the following spells:

 Spells                   Type           Power      Damage    Failure   Level
 Apportation              Tloc           0%         N/A       99%         1
 Kiss of Death            Conj/Necr      0%         2d5       99%         1
 Necrotise                Necr           0%         1d4       99%         1
 Sting                    Tmut/Pois      0%         1d3       99%         1
 Summon Small Mammal      Summ           0%         N/A       99%         1
 Poisonous Vapours        Pois/Air       0%         N/A       100%        2
 Ozocubu's Armour         Ice            0%         N/A       100%        3
 Volatile Blastmotes      Fire/Tloc      0%         2d10      100%        3
 Fulminant Prism          Conj/Hex       0%         3d5       100%        4
 Iskenderun's Mystic Bla  Conj/Tloc      0%         2d3       100%        4
 Olgreb's Toxic Radiance  Pois           0%         N/A       100%        4
 Passage of Golubria      Tloc           0%         N/A       100%        4
 Summon Ice Beast         Ice/Summ       0%         N/A       100%        4
 Vhi's Electric Charge    Tloc/Air       0%         N/A       100%        4
 Arcjolt                  Conj/Air       0%         1d10      100%        5
 Iskenderun's Battlesphe  Conj           0%         2d6       100%        5
 Metabolic Englaciation   Hex/Ice        0%         N/A       100%        5
 Silence                  Hex/Air        0%         N/A       100%        5
 Summon Mana Viper        Hex/Summ       0%         N/A       100%        5
 Bombard                  Conj/Erth      0%         9d1       100%        6
 Dispersal                Tloc           0%         N/A       100%        6
 Simulacrum               Ice/Necr       0%         N/A       100%        6
 Monstrous Menagerie      Summ           0%         N/A       100%        7
 Spellforged Servitor     Conj/Summ      0%         N/A       100%        7
 Lehudib's Crystal Spear  Conj/Erth      0%         10d2      100%        8
 Fire Storm               Conj/Fire      0%         5d1       100%        9


Dungeon Overview and Level Annotations

Branches:
Dungeon (15/15) Zot: 25788  Temple (1/1) D:4 Zot: 5983    Lair (5/5) D:10 Zot: 25372
  Swamp (0/4) Lair:3        Snake (2/4) Lair:3 Zot: 10367   Slime (0/5) Lair:4
    Orc (2/2) D:9 Zot: 9867     Elf (0/3) Orc:2        Vaults (0/5) D:14
 Depths (0/4) D:15         Bailey (visited)

Altars:
Ashenzari
Cheibriados
Dithmenos
Elyvilon
Fedhas
Gozag
Hepliaklqana
Kikubaaqudgha
Makhleb
Nemelex Xobeh
Okawaru
Qazlal
Ru
Sif Muna
Trog
Uskayaw
Vehumet
Wu Jian
Xom
Yredelemnul
Zin
The Shining One
Jiyva

Shops:
D:8 ?   D:12 ?   D:15 *   Orc:1 =   Orc:2 *[(:   Snake:1 *

Annotations:
D:11 3 runed translucent doors
D:15 3 runed translucent doors, Orra's ghost, adept MiAK


Innate Abilities, Weirdness & Mutations

You are too large for most types of armour.
You have claws for hands.
Your natural rate of healing is unusually fast.
You are covered in fur. (AC +1)
You have tough skin. (AC +1)


Message History

Here: a salamander mystic, wielding a +0 dagger and wearing a +0 robe (sparse dust, lightly wounded, strong, poisoned)
The floor.
You fade into invisibility!
You feel sick.
Okay, then.
Unknown command.
You feel sick.
You feel sick.
The nagaraja gestures at you while chanting.
The bolt of poison hits you!
You are more poisoned.
* * * LOW HITPOINT WARNING * * *
You feel better.
The salamander mystic no longer looks unusually strong.
The nagaraja spits poison at you.
The splash of poison hits you but does no damage.
You are poisoned.
You feel sick.
The nagaraja no longer looks unusually strong.
The salamander mystic looks more healthy.
You feel sick.
You feel sick.
There is an open door here.
You feel sick.
The nagaraja gestures at you while chanting.
The poison arrow hits you!
You are more poisoned.
* * * LOW HITPOINT WARNING * * *
As you close the door, it creaks loudly!
You feel very sick.
You feel very sick.
You feel very sick.
A nagaraja breaks down the door.
You feel sick. The nagaraja spits poison at you. The splash of poison hits you!
You are more poisoned.
* * * LOW HITPOINT WARNING * * *
You feel less exhausted.
You die...

##### ##....... ##...##
##########........ ##.....##
#.......##........ #...N...##
#..###..##........ #........##
#........'........
#>........####........'....)...
#)....N..N'.........."'........
##........####.)......'........
##.......# #@####['##........
#'##########.#...........#... #.#
#...'............... #####.####
#...'....).......... .........##
#...'...............
#####.....####.###....)..........
####8.8.8#.# #...............
#.⌠.⌠.).# #.........^.....
#8.∩[8).# #...............


There were no monsters in sight!

Vanquished Creatures
  Gastronok (Orc:1)
  Frances (Snake:1)
  Kirke (D:14)
  2 orc warlords
  Azrael (Snake:1)
  The ghost of Lavein the Fighter, a journeyman DjCj of Okawaru (Orc:2)
  A rakshasa (D:13)
  7 hydras
  4 vault guards (D:14)
  A death knight (D:14)
  2 ice dragons (D:15)
  2 ogre magi
  3 anacondas (Snake:1)
  3 catoblepae
  7 two-headed ogres
  9 boulder beetles
  6 tengu warriors
  10 centaur warriors
  9 death yaks
  Urug (Lair:5)
  5 naga warriors (Snake:1)
  An orc high priest (Orc:2)
  5 naga sharpshooters (Snake:1)
  3 skysharks
  4 skeletal warriors (D:15)
  A salamander mystic (Snake:1)
  A naga ritualist (Snake:1)
  2 orc knights
  A steelbarb worm (shapeshifter) (D:11)
  5 mana vipers (Snake:1)
  5 orc sorcerers
  7 ugly things
  12 cyclopes
  2 wolf spiders (D:13)
  3 manticores
  4 deep elf pyromancers
  5 salamanders
  A guardian serpent (Lair:3)
  19 elephants
  17 black mambas
  20 slime creatures
  4 naga magi (Snake:1)
  2 gargoyles
  11 cane toads
  A rime drake (Lair:5)
  A tengu conjurer (D:15)
  9 komodo dragons
  2 freezing wraiths (D:14)
  Psyche (D:11)
  An efreet (D:11)
  7 trolls
  5 polar bears (Lair:5)
  A tarantella (shapeshifter) (D:14)
  A queen bee (Lair:1)
  7 hornets (Lair:5)
  14 blink frogs
  2 dream sheep (D:8)
  Sigmund (D:4)
  13 spriggans (Lair:5)
  3 wraiths
  11 wyverns
  56 yaks
  A spriggan (shapeshifter) (D:14)
  Grum (D:8)
  A centaur simulacrum (D:14)
  5 hogs
  4 basilisks
  Eustachio (D:5)
  4 vampire mosquitoes
  3 fire elementals (Snake:1)
  Menkaure (D:6)
  Edmund (D:6)
  2 acid dragons
  4 wargs
  10 nagas
  10 water moccasins
  3 hell hounds (Snake:1)
  A swamp drake (D:9)
  An ice beast (D:5)
  A sky beast (D:7)
  5 black bears
  47 orc warriors
  4 boggarts (Lair:5)
  7 ogres
  30 wolves
  23 centaurs
  2 phantoms
  Blork the orc (D:5)
  4 kobold brigands
  14 bullfrogs
  2 gnoll sergeants
  4 scorpions
  9 wights
  31 killer bees
  5 electric eels
  3 howler monkeys (D:7)
  2 jellies
  4 hounds
  A gnoll bouda (D:8)
  27 orc priests
  A sleepcap (D:4)
  Natasha (thrice) (D:2)
  2 iguanas (D:6)
  27 orc wizards
  3 hell rats
  Robin (D:2)
  23 gnolls
  9 adders
  7 river rats (Lair:1)
  2 ufetubi (D:5)
  A worm (D:2)
  3 dart slugs
  88 orcs
  4 bats
  3 endoplasms
  5 giant cockroaches
  16 hobgoblins
  17 kobolds
  4 quokkas
  5 ball pythons
  6 frilled lizards
  18 goblins
  3 rats (D:1)
878 creatures vanquished.

Notes
Turn   | Place    | Note
-------+----------+-------------------------------------------
     0 | D:1      | Coo1 the Troll Fighter began the quest for the Orb.
     0 | D:1      | Reached XP level 1. HP: 22/22 MP: 0/0
   478 | D:1      | Reached XP level 2. HP: 29/29 MP: 1/1
   649 | D:2      | Noticed Natasha
   659 | D:2      | Killed Natasha
   660 | D:2      | Reached XP level 3. HP: 27/36 MP: 2/2
   689 | D:2      | Reached skill level 3 in Unarmed Combat
   826 | D:2      | Noticed Natasha
   862 | D:2      | Killed Natasha
   863 | D:2      | Reached XP level 4. HP: 44/44 MP: 3/3
   938 | D:2      | Noticed Robin
   993 | D:2      | Killed Robin
  1059 | D:2      | Noticed Natasha
  1065 | D:2      | Killed Natasha
  1066 | D:2      | Reached skill level 4 in Unarmed Combat
  1087 | D:2      | Reached XP level 5. HP: 50/50 MP: 4/4
  1684 | D:3      | Found a faded altar of an unknown god.
  2194 | D:4      | Reached skill level 1 in Shapeshifting
  2404 | D:4      | Noticed a phantom
  2418 | D:4      | Killed a phantom
  2419 | D:4      | Reached XP level 6. HP: 43/59 MP: 5/5
  2460 | D:4      | Reached skill level 5 in Shields
  2460 | D:4      | Reached skill level 5 in Unarmed Combat
  2559 | D:4      | Reached XP level 7. HP: 32/66 MP: 6/6
  2608 | D:4      | Noticed Sigmund
  2741 | D:4      | Killed Sigmund
  2785 | D:4      | Found a blossoming altar of Fedhas.
  2940 | D:4      | Found a hazy altar of Hepliaklqana.
  3066 | D:4      | Identified the +0 leather armour "Qer Keske" {rF+ Will+}
  3211 | D:4      | Found a staircase to the Ecumenical Temple.
  3490 | Temple   | Entered the Ecumenical Temple
  3498 | Temple   | Became a worshipper of the Wu Jian Council
  3548 | D:5      | Entered Level 5 of the Dungeon
  3589 | D:5      | Noticed Eustachio
  3603 | D:5      | Killed Eustachio
  3604 | D:5      | Reached skill level 6 in Unarmed Combat
  3604 | D:5      | Reached XP level 8. HP: 78/78 MP: 7/7
  3740 | D:5      | Reached skill level 1 in Throwing
  3949 | D:5      | Reached skill level 7 in Unarmed Combat
  4373 | D:5      | Noticed Blork the orc
  4380 | D:5      | Killed Blork the orc
  4381 | D:5      | Reached skill level 5 in Shapeshifting
  4448 | D:6      | Noticed Menkaure
  4452 | D:6      | Killed Menkaure
  4453 | D:6      | Reached skill level 8 in Unarmed Combat
  4487 | D:6      | Found a shadowy altar of Dithmenos.
  4517 | D:6      | Noticed Edmund
  4530 | D:5      | Reached XP level 9. HP: 84/84 MP: 8/8
  4539 | D:5      | Reached * piety under Wu Jian
  4575 | D:6      | Killed Edmund
  4907 | D:6      | Found a hide-covered altar of Uskayaw.
  5036 | D:7      | Found a white marble altar of Elyvilon.
  5036 | D:7      | Found a sparkling altar of Nemelex Xobeh.
  5096 | D:7      | Reached skill level 5 in Fighting
  5376 | D:7      | Found a sacrificial altar of Ru.
  5378 | D:7      | Found a broken altar of Ashenzari.
  5624 | D:8      | Reached skill level 9 in Unarmed Combat
  5644 | D:8      | Found a flagged portal.
  5660 | Bailey   | Entered a bailey
  5678 | Bailey   | Reached XP level 10. HP: 96/96 MP: 9/9
  5679 | Bailey   | Noticed an orc warlord
  5691 | Bailey   | Reached ** piety under Wu Jian
  5801 | Bailey   | Found a runed translucent gate.
  5803 | Bailey   | Found a runed translucent gate.
  5805 | Bailey   | Found a runed translucent gate.
  6100 | D:8      | Reached skill level 11 in Unarmed Combat
  6100 | D:8      | Reached XP level 11. HP: 102/102 MP: 10/10
  6665 | D:9      | Found a staircase to the Orcish Mines.
  6735 | D:8      | Reached *** piety under Wu Jian
  6746 | D:8      | Reached skill level 10 in Shapeshifting
  7294 | D:10     | Entered Level 10 of the Dungeon
  7304 | D:10     | Noticed a skeletal warrior
  7305 | D:10     | Noticed a skeletal warrior
  7306 | D:10     | Noticed a skeletal warrior
  7453 | D:10     | Reached skill level 12 in Unarmed Combat
  7458 | D:10     | Found a glowing golden altar of the Shining One.
  7600 | D:10     | Noticed a two-headed ogre
  7614 | D:10     | Killed a two-headed ogre
  7692 | D:10     | You fall into a shaft and drop 2 floors!
  7692 | D:11     | Identified the "Ircher"
  7692 | D:11     | Identified the "Ryelius"
  7732 | D:12     | Found Bangogu's Magic Scroll Shop.
  7735 | D:12     | Bought a scroll of teleportation for 42 gold pieces
  7735 | D:12     | Bought a scroll of teleportation for 42 gold pieces
  7735 | D:12     | Bought a scroll of identify for 28 gold pieces
  7735 | D:12     | Bought a scroll of identify for 28 gold pieces
  7735 | D:12     | Bought a scroll of poison for 56 gold pieces
  7960 | D:10     | Identified the +3 leather armour of Melus {rPois rC- rN++
                  | Stlth+}
  7998 | D:10     | Noticed a skeletal warrior
  7998 | D:10     | Noticed a skeletal warrior
  8340 | Orc:1    | Entered Level 1 of the Orcish Mines
  8340 | Orc:1    | Noticed an orc knight
  8342 | Orc:1    | Noticed Gastronok
  8379 | Orc:1    | Killed an orc knight
  8553 | Orc:1    | Killed Gastronok
  8554 | Orc:1    | Reached skill level 5 in Dodging
  8774 | Orc:2    | Entered Level 2 of the Orcish Mines
  8918 | Orc:2    | Reached **** piety under Wu Jian
  8976 | Orc:1    | Noticed an orc knight
  8976 | Orc:1    | Found Egiluxy's Jewellery Emporium.
  8985 | Orc:2    | Killed an orc knight
  9053 | Orc:1    | Reached XP level 12. HP: 77/114 MP: 11/11
  9059 | Orc:1    | Bought an amulet of regeneration for 360 gold pieces
  9059 | Orc:1    | Bought the ring "Kobekon" {rF+ MP+9 Dex+4} for 508 gold
                  | pieces
  9102 | Orc:1    | Noticed an orc warlord
  9134 | Orc:1    | Killed an orc warlord
  9448 | Orc:2    | Found a transporter.
  9449 | Orc:2    | Noticed Lavein's ghost (journeyman DjCj)
  9450 | Orc:2    | Found a transporter.
  9547 | Orc:2    | Found Ytedgh's Book Emporium.
  9668 | Orc:2    | Noticed an orc high priest
  9724 | Orc:2    | Found a staircase to the Elven Halls.
  9822 | Orc:2    | Reached ***** piety under Wu Jian
  9884 | Orc:2    | Found Qaajon's General Store.
  9897 | Orc:2    | Bought a scroll of fear for 60 gold pieces
  9897 | Orc:2    | Bought 2 curare-tipped darts for 36 gold pieces
 10217 | Orc:2    | Noticed an orc warlord
 10279 | Orc:2    | Killed an orc warlord
 10390 | Orc:2    | Killed an orc high priest
 10466 | Orc:2    | Found Kiunyargh's Antique Weapon Emporium.
 10472 | Orc:2    | Found Ysou's Antique Armour Shoppe.
 10588 | Orc:2    | Killed Lavein's ghost
 10797 | D:8      | Noticed a three-headed hydra
 10828 | D:8      | Killed a 13-headed hydra
 10931 | D:8      | Reached skill level 1 in Armour
 10954 | D:8      | Noticed Grum
 10964 | D:8      | Killed Grum
 10976 | D:8      | Found Luewkil's Magic Scroll Shoppe.
 10984 | D:8      | Bought a scroll of revelation for 105 gold pieces
 10984 | D:8      | Bought a scroll of blinking for 105 gold pieces
 10984 | D:8      | Bought a scroll of torment for 133 gold pieces
 10984 | D:8      | Bought a scroll of identify for 28 gold pieces
 10984 | D:8      | Bought a scroll of identify for 28 gold pieces
 11149 | D:10     | Found a staircase to the Lair.
 11217 | D:10     | Reached XP level 13. HP: 101/128 MP: 12/12
 11569 | Lair:1   | Entered Level 1 of the Lair of Beasts
 12899 | Lair:3   | Reached skill level 5 in Armour
 13065 | Lair:3   | Found a staircase to the Swamp.
 13080 | Lair:3   | Reached skill level 13 in Unarmed Combat
 13124 | Lair:3   | Reached ****** piety under Wu Jian
 13502 | Lair:3   | Found a staircase to the Snake Pit.
 13695 | Lair:4   | Reached XP level 14. HP: 140/140 MP: 13/13
 13996 | Lair:4   | Reached skill level 14 in Unarmed Combat
 14240 | Lair:4   | Found a staircase to the Slime Pits.
 14240 | Lair:4   | Found a viscous altar of Jiyva.
 14831 | Lair:5   | Entered Level 5 of the Lair of Beasts
 14858 | Lair:5   | Reached skill level 15 in Unarmed Combat
 15045 | Lair:5   | Noticed Urug
 15055 | Lair:5   | Killed Urug
 15477 | Lair:5   | Paralysed by a hornet for 3 turns
 15590 | Lair:5   | Reached skill level 10 in Fighting
 15590 | Lair:5   | Reached skill level 10 in Dodging
 15613 | Lair:5   | Paralysed by a hornet for 1 turns
 15619 | Lair:5   | Reached XP level 15. HP: 135/149 MP: 14/14
 16273 | D:11     | Noticed Psyche
 16278 | D:11     | Killed Psyche
 16786 | D:11     | Found a runed translucent door.
 16855 | D:11     | Found a runed translucent door.
 16859 | D:11     | Found a runed translucent door.
 19583 | D:14     | Noticed Kirke
 19834 | D:14     | Killed Kirke
 19864 | D:14     | Found a bloodstained altar of Trog.
 19902 | D:14     | Reached skill level 16 in Unarmed Combat
 19905 | D:14     | Reached XP level 16. HP: 162/162 MP: 15/15
 19927 | D:14     | Found a gate to the Vaults.
 20067 | D:14     | Identified the +2 dagger "Cuckan" {heavy, rC- Will+ SInv}
 20443 | D:15     | Entered Level 15 of the Dungeon
 20480 | D:15     | Found a shadowy altar of Dithmenos.
 20589 | D:15     | Found a basalt altar of Yredelemnul.
 20794 | D:15     | Reached skill level 17 in Unarmed Combat
 20829 | D:15     | Found Tecias Nyrog's Assorted Antiques.
 20832 | D:15     | Identified the +6 trident of Ambiguity {flame, Str+6}
 20834 | D:15     | Bought a scroll of teleportation for 93 gold pieces
 20834 | D:15     | Bought a scroll of teleportation for 93 gold pieces
 20834 | D:15     | Bought a ruby ring for 155 gold pieces
 20834 | D:15     | Bought a scroll of identify for 62 gold pieces
 20834 | D:15     | Bought a scroll of identify for 62 gold pieces
 20838 | D:15     | Bought a scroll of fog for 124 gold pieces
 21137 | D:15     | Found a runed translucent gate.
 21137 | D:15     | Found a runed translucent gate.
 21137 | D:15     | Noticed Orra's ghost (adept MiAK)
 21139 | D:15     | Found a runed translucent gate.
 21175 | D:15     | Found a staircase to the Depths.
 21733 | Snake:1  | Entered Level 1 of the Snake Pit
 21907 | Snake:1  | Reached skill level 18 in Unarmed Combat
 22096 | Snake:1  | Found a glowing silver altar of Zin.
 22138 | Snake:1  | Identified the +8 war axe of the Maze {heavy, rPois Str-3
                  | SInv}
 22174 | Snake:1  | Found Adwum's General Store.
 22527 | Snake:1  | Noticed Frances
 22536 | Snake:1  | Killed Frances
 22868 | Snake:2  | Noticed Azrael
 22917 | Snake:1  | Killed Azrael
 23410 | Snake:1  | HP: 1/163 [nagaraja/splash of poison (9)]
 23411 | Snake:1  | Succumbed to a nagaraja's splash of poison

Illustrated notes

Levels and vault maps discovered:
D:1:      dpeg_chamrin_arrival_tetris, layout_loops_ring
D:2:      layout_rooms, uniq_robin, uniq_natasha
D:3:      layout_basic, hellmonk_ecumenical_altar_lost_god
D:4:      layout_layer_cave, mainiacjoe_overflow_alcove_4,
          nzn_hepliaklqana_mist_gate, temple_doors_ab, palyth_stone_intersect,
          uniq_sigmund
D:5:      layout_loops_corners, uniq_eustachio, uniq_blork_the_orc
D:6:      layout_rooms, lemuel_round_altar, lemuel_doored_altar, uniq_menkaure,
          uniq_edmund
D:7:      layout_rooms, jmf_multi_god_temple, minitemple
D:8:      layout_rooms, enter_bailey_6, serial_shops, shop, hangedman_ranch,
          uniq_grum
D:9:      layout_cave_pools, erik_orc_1
D:10:     layout_loops_corners, nicolae_tso_swordbearing_angel,
          david_lair_shrubbed
D:11:     minmay_the_grid_four_pointed_star
          [minmay_the_grid_triangle_9x9_windchime,
          minmay_the_grid_triangle_9x9_odd_lines,
          minmay_the_grid_triangle_9x9_fully_insulated_deathbox,
          minmay_the_grid_triangle_9x9_empty,
          minmay_the_grid_prize_four_corners_diamond_a], layout_basic,
          uniq_psyche
D:12:     layout_basic, serial_shops, nicolae_shop_real_fake_doors,
          kennysheep_small_spiral, skrybe_limestone_x
D:13:     layout_rooms, minmay_crystal_room
D:14:     hangedman_cross_cluster, layout_loops_ring,
          lightli_vaults_fourway_checkpoint, trog_three_pillars_becter,
          uniq_kirke
D:15:     grunt_enter_depths_hoard, layout_loops_ring,
          yredelemnul_altar_generic, gammafunk_ghost_necromancy, serial_shops,
          nicolae_shop_stone, nicolae_dithmenos_shadow_blocks
Temple:   hellmonk_temple_forest_ring
Lair:1:   layout_hall_layers, special_room [special_room_bee],
          kennysheep_rathole, grunt_megastairs_5
Lair:2:   layout_misc_corridors
Lair:3:   layout_regular_city, swamp_mist_pool, minmay_snake_entry_spellcaster,
          infiniplex_staircase_pool
Lair:4:   layout_gridlike, slime_entry_1, st_stairs_11, nzn_random_ring
Lair:5:   minmay_lair_end_enchanted_forest, layout_misc_corridors,
          fungi_pond_lemuel, uniq_urug
Snake:1:  layout_gridlike, basic_altar, serial_shops,
          nicolae_shop_temple_entry_statues_fountains, uniq_frances
Snake:2:  layout_grid_shapes, uniq_azrael
Orc:1:    layout_caves, serial_shops, shop, uniq_gastronok
Orc:2:    grunt_orc_community_town_hall, layout_caves,
          grunt_orc_community_big_house_1, grunt_orc_community_big_house_2,
          grunt_orc_community_house_2, grunt_orc_community_house_1,
          grunt_orc_community_house_3, grunt_orc_community_house_2,
          grunt_orc_community_house_2, gammafunk_ghost_arena, basic_altar

Skill      XL: |  1  2  3  4  5  6  7  8  9 10 11 12 13 14 15 16 |
---------------+-------------------------------------------------+-----
Shields        | 3 4 5 6 7 8 9 |  9.0
Unarmed Combat | 3 4 5 6 8 9 11 12 13 15 16 18 | 18.0
Shapeshifting  | 2 3 4 5 6 9 10 11 12 13 | 13.5
Fighting       | 3 4 5 6 8 9 10 11 | 11.5
Throwing       | 2 |  2.0
Dodging        | 4 5 7 9 10 11 | 11.5
Armour         | 1 5 7 9 |  9.0

Action                     |  1- 3 |  4- 6 |  7- 9 | 10-12 | 13-15 | 16-18 || total
---------------------------+-------+-------+-------+-------+-------+-------++-------
  Melee: Unarmed           |    58 |   147 |   243 |   844 |  1517 |   383 ||  3192
         Hand axe          |       |       |       |       |    77 |    12 ||    89
  Throw: Throwing net      |       |       |     1 |     3 |       |       ||     4
         Javelin           |       |       |       |     6 |       |     6 ||    12
         Dart              |       |       |       |     2 |     1 |       ||     3
 Invoke: Serpent's Lash    |       |       |       |     3 |     5 |     2 ||    10
         Heavenly Storm    |       |       |       |     1 |       |       ||     1
Ability: Lunge             |       |       |    27 |    58 |    93 |    20 ||   198
         Whirlwind         |       |       |     1 |   157 |   374 |    54 ||   586
         Wall Jump         |       |       |       |     2 |     9 |     3 ||    14
  Evoke: Wand              |       |       |     2 |     7 |     2 |       ||    11
    Use: Scroll            |       |     3 |     2 |    11 |     8 |     4 ||    28
         Potion            |       |       |     1 |     5 |     1 |     8 ||    15
   Stab: Sleeping          |     1 |     1 |     1 |     5 |    20 |     9 ||    37
         Distracted        |       |       |     1 |     1 |     4 |       ||     6
         Held in net/web   |       |       |       |     2 |       |       ||     2
         Invisible         |       |       |       |     3 |       |       ||     3
         Confused          |       |       |       |     1 |       |       ||     1
         Petrifying        |       |       |       |       |     1 |       ||     1
 Armour: Robe              |    30 |   110 |   100 |   322 |       |       ||   562
         Shadow dragon sca |       |       |       |    87 |  1058 |   281 ||  1426
         Skin              |       |       |       |       |       |     7 ||     7
  Dodge: Dodged            |    17 |    62 |    60 |   231 |   464 |   132 ||   966
  Block: Kite shield       |    15 |    69 |    81 |   354 |   716 |   223 ||  1458

Table legend: (Time is in decaauts)
 A = Elapsed time spent in this place.
 B = Non-inter-level travel time spent in this place.
 C = Inter-level travel time spent in this place.
 D = Time resting spent in this place.
 E = Time spent auto-exploring this place.
 F = Levels seen in this place.
 G = Mean time per level.
                   A        B        C        D        E       F      G
               +--------+--------+--------+--------+--------+-----+--------+
         Total |  23217 |  21398 |   1819 |   1375 |  12500 |  26 |  893.0 |
       Dungeon |  14372 |  13258 |   1114 |    763 |   8809 |  15 |  958.1 |
        Temple |     16 |     16 |      0 |      0 |      0 |   1 |   16.0 |
          Lair |   4627 |   4273 |    354 |    162 |   2508 |   5 |  925.4 |
     Snake Pit |   1632 |   1386 |    246 |    302 |    533 |   2 |  816.0 |
  Orcish Mines |   2132 |   2028 |    104 |    148 |    650 |   2 | 1066.0 |
        Bailey |    435 |    435 |      0 |      0 |      0 |   1 |  435.0 |
               +--------+--------+--------+--------+--------+-----+--------+

Top non-repeatable levels by time:
 Snake:1: 1533 daAuts
   Orc:2: 1498 daAuts
    D:10: 1429 daAuts
    D:14: 1335 daAuts
     D:4: 1313 daAuts
  Lair:5: 1222 daAuts
    D:12: 1211 daAuts
     D:9: 1189 daAuts
  Lair:3: 1087 daAuts
    D:15: 1056 daAuts
  Lair:4: 1031 daAuts
     D:3: 1028 daAuts
    D:11: 1011 daAuts
     D:5: 928 daAuts
    D:13: 803 daAuts
